 Dungeon Crawl Stone Soup version 0.27-a0-1154-gfdeffcb720 (webtiles) character file.

Game seed: 1722679588152881765

159553 senseless the Warrior (level 17, -9/117 HPs)
             Began as a Gargoyle Fighter on May 13, 2021.
             Was the Champion of the Shining One.
             Mangled by a salamander (12 damage)
             ... on level 4 of the Snake Pit on May 14, 2021.
             The game lasted 01:53:09 (27259 turns).

senseless the Warrior (Gargoyle Fighter)           Turns: 27259, Time: 01:53:10

Health: -9/117     AC: 54    Str: 25    XL:     17   Next: 74%
Magic:  0/30       EV:  3    Int:  8    God:    the Shining One [******]
Gold:   871        SH:  0    Dex: 18    Spells: 34/34 levels left

rFire    + . .     SeeInvis +   l - +7 war axe of Disarray {vorpal, rC+ Int+2}
rCold    + . .     Faith    .   H - +18 shield of the Gong {rElec rN+ Will+ EV-5}
rNeg     + + +     Spirit   +   q - +10 storm dragon scales "Maxy" {rElec rPois Int-5 Dex+7 SInv}
rPois    ∞         Reflect  .   c - +2 helmet of Daisies {Rampage Will+ Dex+2}
rElec    +         Harm     .   I - scarf {repulsion}
rCorr    .         Rampage  +   o - +2 pair of gloves
Will     +++..                  g - +2 pair of boots
Stlth    ..........             U - amulet of guardian spirit
HPRegen  0.29/turn              f - +4 ring of protection
MPRegen  0.22/turn              x - ring of protection from fire

@: confused, about to teleport, ambrosia-drunk, flying, glowing, constricted,
studying 3 skills, repel missiles
A: sickness immunity, AC +12, big wings, negative energy resistance 1,
electricity resistance, torment resistance 1, petrification resistance
a: Renounce Religion, Divine Shield, Cleansing Flame, Summon Divine Warrior,
Brand Weapon With Holy Wrath


You were on level 4 of the Snake Pit.
You worshipped the Shining One.
The Shining One was exalted by your worship.
You visited 4 branches of the dungeon, and saw 27 of its levels.
You visited 1 bazaar.
You also visited: Bailey.

You collected 3720 gold pieces.
You spent 2849 gold pieces at shops.

Inventory:

Hand Weapons
 j - the +6 lajatang "Houjywn" {flame, rPois Str+2}
   (You took it off a vampire on level 11 of the Dungeon)

   It has been specially enchanted to burn those struck by it, causing extra
   injury to most foes and up to half again as much damage against particularly
   susceptible opponents.
   Big, fiery blades are also staple armaments of hydra-hunters.
   It affects your strength (+2).
   It protects you from poison.
 l - the +7 war axe of Disarray (weapon) {vorpal, rC+ Int+2}
   (You found it on level 5 of the Dungeon)

   It inflicts extra damage upon your enemies.
   It affects your intelligence (+2).
   It protects you from cold.
 w - the +6 whip "Pilek" {vorpal, SInv}
   (You found it on level 12 of the Dungeon)

   It inflicts extra damage upon your enemies.
   It lets you see invisible.
 X - a +5 vorpal hand crossbow
Missiles
 V - 196 bolts
Armour
 c - the +2 helmet of Daisies (worn) {Rampage Will+ Dex+2}
   (You found it on level 13 of the Dungeon)

   It affects your dexterity (+2).
   It bestows one free step when moving towards enemies.
   It increases your willpower.
 g - a +2 pair of boots (worn)
 o - a +2 pair of gloves (worn)
 q - the +10 storm dragon scales "Maxy" (worn) {rElec rPois Int-5 Dex+7 SInv}
   (You acquired it on level 13 of the Dungeon)

   It affects your intelligence (-5).
   It affects your dexterity (+7).
   It insulates you from electricity.
   It protects you from poison.
   It lets you see invisible.
 B - a +2 cloak
 D - the +0 pair of boots of Rotten New Discoveries {rN+ Will+}
   (You bought it in a shop on level 4 of the Snake Pit)

   It protects you from negative energy.
   It increases your willpower.
 G - a +3 plate armour of cold resistance
 H - the +18 shield of the Gong (worn) {rElec rN+ Will+ EV-5}
   (You found it on level 8 of the Dungeon)

   It affects your evasion (-5).
   It insulates you from electricity.
   It protects you from negative energy.
   It increases your willpower.
 I - a scarf of repulsion (worn)
Jewellery
 f - a +4 ring of protection (left hand)
 i - the ring "Reveudgh" {Fire Str+4}
   (You found it on level 1 of the Lair of Beasts)

   [ring of fire]

   It enhances your fire magic.
   It affects your strength (+4).
   It protects you from fire.
   It makes you vulnerable to cold.
 m - an amulet of the acrobat
 p - a +6 ring of strength
 r - a ring of resist corrosion
 x - a ring of protection from fire (right hand)
 A - the ring of Xatycs {rPois Will+ Dex+3 SInv}
   (You found it on level 3 of the Snake Pit)

   [ring of see invisible]

   It affects your dexterity (+3).
   It protects you from poison.
   It lets you see invisible.
   It increases your willpower.
 J - a +6 ring of intelligence
 K - the amulet of Rounwyaz {RegenMP rF++ Int-3}
   (You found it on level 6 of the Lair of Beasts)

   [amulet of magic regeneration]

   It increases your rate of magic regeneration.
   It affects your intelligence (-3).
   It greatly protects you from fire.
 U - an amulet of guardian spirit (around neck)
 W - a ring of fire
Wands
 a - a wand of iceblast (11)
 d - a wand of mindburst (11)
 v - a wand of flame (30)
 E - a wand of paralysis (24)
 F - a wand of polymorph (22)
 L - a wand of digging (4)
 P - a wand of acid (5)
 Y - a wand of charming (7)
Scrolls
 b - 4 scrolls of fog
 h - 6 scrolls of teleportation
 s - a scroll of fear
 u - 2 scrolls of brand weapon
 y - 2 scrolls of summoning
 z - a scroll of enchant armour
 C - 3 scrolls of enchant weapon
 O - 4 scrolls of blinking
 Q - a scroll of holy word
 T - a scroll of magic mapping
Potions
 e - 2 potions of resistance
 k - 4 potions of lignification
 n - 7 potions of ambrosia
 t - 9 potions of curing
 M - a potion of haste
 N - a potion of berserk rage
 R - 4 potions of heal wounds
 S - 4 potions of mutation
 Z - 2 potions of might


   Skills:
 * Level 17.1 Fighting
 + Level 5.2 Long Blades
 - Level 16.0 Axes
 * Level 7.3 Crossbows
 * Level 15.3 Armour
 + Level 5.1 Dodging
 + Level 2.1 Stealth
 - Level 15.0 Shields
 * Level 9.3 Spellcasting
 + Level 0.4 Invocations
 + Level 0.3 Evocations


You had 34 spell levels left.
You didn't know any spells.
Your spell library contained the following spells:

 Spells                   Type           Power      Damage    Failure   Level
 Apportation              Tloc           6%         N/A       56%         1
 Beastly Appendage        Tmut           6%         N/A       56%         1
 Corona                   Hex            3%         N/A       56%         1
 Shock                    Conj/Air       12%        1d3       56%         1
 Sting                    Tmut/Pois      12%        1d3       56%         1
 Corpse Rot               Necr/Air       N/A        N/A       71%         2
 Ensorcelled Hibernation  Hex/Ice        6%         N/A       71%         2
 Passwall                 Tmut/Erth      2%         N/A       71%         2
 Slow                     Hex            3%         N/A       71%         2
 Static Discharge         Conj/Air       3%         N/A       71%         2
 Confusing Touch          Hex            3%         N/A       90%         3
 Dazzling Flash           Conj/Hex       6%         N/A       90%         3
 Gell's Gravitas          Tloc           1%         N/A       90%         3
 Ignite Poison            Fire/Tmut/Pois 3%         N/A       90%         3
 Inner Flame              Hex/Fire       3%         N/A       90%         3
 Lesser Beckoning         Tloc           1%         N/A       90%         3
 Mephitic Cloud           Conj/Pois/Air  3%         N/A       90%         3
 Portal Projectile        Hex/Tloc       6%         N/A       90%         3
 Swiftness                Air            3%         N/A       90%         3
 Tukima's Dance           Hex            3%         N/A       90%         3
 Airstrike                Air            1%         N/A       100%        4
 Animate Armour           Summ/Erth      6%         N/A       100%        4
 Cause Fear               Hex            1%         N/A       100%        4
 Dispel Undead            Necr           3%         3d7       100%        4
 Ice Form                 Ice/Tmut       3%         N/A       100%        4
 Iskenderun's Mystic Bla  Conj/Tloc      3%         2d3       100%        4
 Leda's Liquefaction      Hex/Erth       1%         N/A       100%        4
 Passage of Golubria      Tloc           N/A        N/A       100%        4
 Petrify                  Tmut/Erth      3%         N/A       100%        4
 Agony                    Necr           3%         N/A       100%        5
 Alistair's Intoxication  Tmut/Pois      2%         N/A       100%        5
 Excruciating Wounds      Necr           1%         N/A       100%        5
 Fireball                 Conj/Fire      1%         3d3       100%        5
 Hydra Form               Tmut           1%         N/A       100%        5
 Lee's Rapid Deconstruct  Erth           1%         3d5*      100%        5
 Lightning Bolt           Conj/Air       1%         1d12      100%        5
 Silence                  Hex/Air        1%         N/A       100%        5
 Yara's Violent Unravell  Hex/Tmut       1%         3d3       100%        5
 Blade Hands              Tmut           1%         N/A       100%        6
 Freezing Cloud           Conj/Ice/Air   1%         6-21      100%        6
 Invisibility             Hex            3%         N/A       100%        6
 Dragon Form              Tmut           1%         N/A       100%        7
 Discord                  Hex            1%         N/A       100%        8
 Sublimation of Blood     Necr           Unusable   N/A       N/A         2

Dungeon Overview and Level Annotations

Branches:
Dungeon (15/15)            Temple (0/1) D:5            Lair (6/6) D:11
 Shoals (0/4) Lair:3        Snake (4/4) Lair:4        Slime (0/5) Lair:6
    Orc (2/2) D:9             Elf (0/3) Orc:2        Vaults (0/5) D:14
 Depths (0/5) D:15         Bailey (visited)

Altars:
Ashenzari
Dithmenos
Elyvilon
Fedhas
Hepliaklqana
Kikubaaqudgha
Nemelex Xobeh
Okawaru
Sif Muna
Trog
Uskayaw
Vehumet
Wu Jian
Xom
The Shining One
Lugonu

Shops:
D:3 :   D:4 [[   D:7 [   Orc:2 ***?*   Snake:1 ?[[=   Snake:4 =[?=[

Portals:
Abyss: D:14
Trove: D:12 (show abyssal rune of Zot)


Innate Abilities, Weirdness & Mutations

You are immune to sickness and miasma.
Your stone body is resilient. (AC +12)
You are immune to poison.
Your large and strong wings let you fly.
You resist negative energy. (rN+)
You are resistant to electric shocks. (rElec)
You are resistant to unholy torment.
You are immune to petrification.


Message History

The naga mage hits you but does no damage.
The guardian serpent casts a spell at you.
The salamander mystic blinks!
The naga sharpshooter blinks!
The naga mage blinks! x2
The naga mage hits you but does no damage.
The salamander hits you from afar with a +0 trident!
* * * LOW HITPOINT WARNING * * *
You are engulfed in flames.
You resist.
* * * LOW HITPOINT WARNING * * *
The naga mage hits you but does no damage.
The salamander hits you but does no damage.
The naga ritualist hits you but does no damage.
The naga ritualist constricts you. The salamander completely misses you.
The naga ritualist hits you but does no damage.
The salamander mystic hits you but does no damage.
The naga sharpshooter spits poison at you.
The splash of poison hits you but does no damage.
You resist.
You are more confused.
You feel more invigorated.
The naga mage hits you but does no damage.
The naga mage points at you and mumbles some strange words.
The bolt of poison hits you but does no damage.
You resist.
The bolt of poison hits the naga.
The bolt of poison misses the naga mage.
The naga mage casts a spell at you.
The bolt of poison hits the naga.
The bolt of poison hits you but does no damage.
You resist.
The bolt of poison hits the naga mage.
The naga ritualist hits you but does no damage.
The naga warrior hits you but does no damage.
The naga hits you with a +0 long sword!!
* * * LOW HITPOINT WARNING * * *
The salamander hits you but does no damage. x2
The naga ritualist spits poison at you.
The splash of poison is repelled.
The splash of poison hits the naga mage.
The naga ritualist constricts you. The naga mage completely misses you.
The salamander hits you!
You die...

.#.........,***,,,,,,,,,,,,,,,,**
.##.........* #........,,,,,,,,**
..#.........# #...)...#,,,,,,,,,*
.##########.# #.......#,,,,,,,,,*
..#.........# #....N..#,,,,,,,,,*
∩..)..###...# #NN.....#,,,,,,,,,*
..#.###.....# #NNNN...#*,,,,,,*,*
∩.###.......###NNNN...##,,,,***,*
..#.###....<..)N@NNN.§'§,,,,**,,,
∩.....#####.###NNNS...##,,,,**,,,
..#.......#.# #########*,,,,*,,,,
.########.#.# *,,,,*,,,,
..#.......'.# *,,,,*,,,,
.##.......#.########* *,,,,*,,,,
.#...#.#..#.).......* ******,,,,
.#...#.#..#.........* ****,***
.....#.##.#.........* *,,,,***


You could see a naga warrior (catching breath), a naga sharpshooter (strong,
catching breath), a salamander mystic, 3 salamanders, 3 naga ritualists, a
guardian serpent, 4 naga magi and 5 nagas.

Vanquished Creatures
  A hellephant (D:13)
  Rupert (D:14)
  Asterion (Snake:1)
  Gastronok (D:12)
  The ghost of Tribosh the Executioner, an adept MiBe of Trog (Snake:3)
  Aizul (Snake:2)
  An ettin (D:15)
  The ghost of rigao the Nimble, a journeyman GnWn of the Shining One (D:9)
  Josephine (D:13)
  A fire dragon (Lair:6)
  7 naga warriors
  A catoblepas (Lair:3)
  2 salamander tyrants (Snake:1)
  Harold (D:9)
  A vault guard (D:14)
  4 boulder beetles
  5 hydras
  10 anacondas
  6 centaur warriors
  6 two-headed ogres
  4 death yaks
  3 hell hogs (D:13)
  5 tengu warriors
  4 naga sharpshooters
  Urug (D:10)
  Sonja (Lair:3)
  5 orc high priests
  11 shock serpents
  3 salamander mystics
  A fire crab (Lair:6)
  A deep troll (D:15)
  9 orc knights
  4 necromancers
  A deep elf archer (D:8)
  2 wizards
  5 naga ritualists
  5 mana vipers
  6 ugly things
  2 deep elf pyromancers (D:10)
  10 salamanders
  4 manticores
  7 orc sorcerers
  6 cyclopes
  A guardian serpent (Snake:2)
  26 naga magi
  4 elephants (Lair:3)
  2 molten gargoyles (Lair:6)
  2 torpor snails
  35 black mambas
  A black mamba (shapeshifter) (D:14)
  14 cane toads
  2 unseen horrors
  2 rime drakes
  2 tengu conjurers
  2 freezing wraiths (D:15)
  12 komodo dragons
  A queen bee (D:9)
  8 trolls
  2 polar bears
  3 hornets
  14 blink frogs
  7 slime creatures
  A centaur simulacrum (D:12)
  2 shadows (D:13)
  A water elemental (D:12)
  3 wyverns
  6 wraiths
  3 vampires
  24 humans
  10 basilisks
  31 yaks
  5 vampire mosquitoes
  A steam dragon (Lair:6)
  4 wargs
  3 acid dragons
  46 nagas
  16 hell hounds
  13 water moccasins
  35 orc warriors
  3 sky beasts
  A black bear (D:8)
  An ice beast (D:7)
  6 necrophages
  7 ogres
  15 centaurs
  10 wolves
  4 kobold brigands
  7 bullfrogs
  3 scorpions
  31 killer bees
  3 howler monkeys
  4 electric eels
  5 lava snakes (Lair:6)
  The ghost of Tribosh the Firebug, a weakling DEFE (D:3)
  2 bullfrog zombies (D:5)
  2 centaur zombies
  A gnoll shaman (D:4)
  4 hounds
  4 jellies (Lair:6)
  A bullfrog skeleton (D:5)
  A centaur skeleton (D:6)
  13 orc priests
  3 iguanas
  17 orc wizards
  Natasha (thrice) (D:3)
  A hound zombie (D:5)
  Robin (D:4)
  2 howler monkey skeletons (D:6)
  2 howler monkey zombies
  7 adders
  14 gnolls
  A shadow imp (D:6)
  3 ufetubi
  4 worms
  2 dart slugs
  82 orcs
  5 endoplasms
  5 giant cockroaches
  16 goblins
  7 hobgoblins
  7 jackals
  40 kobolds
  A quokka (D:1)
  4 ball pythons
  5 bats
  5 frilled lizards
  A jackal skeleton (D:4)
  9 rats
873 creatures vanquished.

Vanquished Creatures (others)
  A salamander (Snake:4)
  35 fungi
  A lurking horror (D:14)
  26 plants
63 creatures vanquished.

Grand Total: 936 creatures vanquished

Notes
Turn   | Place    | Note
-------+----------+-------------------------------------------
     0 | D:1      | senseless the Gargoyle Fighter began the quest for the Orb.
     0 | D:1      | Reached XP level 1. HP: 14/14 MP: 1/1
   110 | D:1      | Reached XP level 2. HP: 16/19 MP: 2/2
   480 | D:1      | Reached XP level 3. HP: 23/24 MP: 3/3
  1367 | D:2      | Reached XP level 4. HP: 23/29 MP: 4/4
  2067 | D:3      | Found a faded altar of an unknown god.
  2281 | D:3      | Reached XP level 5. HP: 31/33 MP: 5/5
  2441 | D:3      | Found Erasi's Book Shoppe.
  2445 | D:3      | Noticed Natasha
  2450 | D:3      | Killed Natasha
  2478 | D:3      | Noticed Natasha
  2483 | D:3      | Killed Natasha
  2603 | D:3      | Noticed Natasha
  2614 | D:3      | Killed Natasha
  2615 | D:3      | Reached skill level 4 in Fighting
  2839 | D:3      | Found a runed translucent gate.
  2839 | D:3      | Found a runed translucent gate.
  2839 | D:3      | Found a runed translucent gate.
  2840 | D:3      | Noticed Tribosh's ghost (weakling DEFE)
  2842 | D:3      | Noticed a kobold brigand
  2854 | D:3      | Killed Tribosh's ghost
  2858 | D:3      | Reached XP level 6. HP: 38/38 MP: 6/6
  3525 | D:4      | Found Atorch's Armour Boutique.
  3528 | D:4      | Bought a +0 helmet for 45 gold pieces
  3557 | D:4      | Reached skill level 1 in Dodging
  3728 | D:4      | Found Xuistraqo's Antique Armour Shop.
  3749 | D:4      | Noticed Robin
  3775 | D:4      | Reached XP level 7. HP: 30/44 MP: 7/7
  3778 | D:4      | Killed Robin
  3940 | D:4      | Found a glowing golden altar of the Shining One.
  3943 | D:4      | Became a worshipper of the Shining One
  4103 | D:4      | Found an ornate altar of the Wu Jian Council.
  4250 | D:5      | Entered Level 5 of the Dungeon
  4260 | D:5      | Found an iron altar of Okawaru.
  4284 | D:5      | Reached skill level 5 in Shields
  4330 | D:5      | Reached skill level 5 in Long Blades
  4388 | D:5      | Reached * piety under the Shining One
  4431 | D:5      | Identified the +7 war axe of Disarray {vorpal, rC+ Int+2}
  4534 | D:5      | Reached XP level 8. HP: 48/48 MP: 8/8
  4554 | D:5      | Reached skill level 1 in Axes
  4700 | D:5      | Found a staircase to the Ecumenical Temple.
  4923 | D:5      | Found an ancient bone altar of Kikubaaqudgha.
  5235 | D:6      | Reached skill level 5 in Fighting
  5235 | D:6      | Reached skill level 1 in Stealth
  5440 | D:6      | Found a sparkling altar of Nemelex Xobeh.
  5530 | D:6      | Reached skill level 5 in Armour
  5560 | D:6      | Found a shadowy altar of Dithmenos.
  5681 | D:6      | Reached XP level 9. HP: 53/54 MP: 9/9
  5700 | D:6      | Noticed a hornet
  5708 | D:6      | Reached skill level 5 in Axes
  5708 | D:6      | Killed a hornet
  5787 | D:6      | Noticed a troll
  5798 | D:6      | Killed a troll
  6071 | D:6      | Found a shimmering altar of Xom.
  6176 | D:6      | Reached ** piety under the Shining One
  6390 | D:6      | Identified a scroll of acquirement
  6390 | D:6      | Acquired a manual of Armour
  6442 | D:7      | Found a blossoming altar of Fedhas.
  6625 | D:7      | Found Kippeno's Antique Armour Shop.
  6633 | D:7      | Bought a runed cloak for 225 gold pieces
  7105 | D:7      | Noticed a moth of wrath
  7108 | D:7      | Found a bloodstained altar of Trog.
  7287 | D:8      | Noticed a hornet
  7293 | D:8      | Killed a hornet
  7294 | D:8      | Reached XP level 10. HP: 49/60 MP: 10/10
  7660 | D:8      | Noticed a deep elf archer
  7672 | D:8      | Noticed a tengu warrior
  7766 | D:8      | Found a hazy altar of Hepliaklqana.
  7768 | D:8      | Found a transporter.
  7874 | D:8      | Found a transporter.
  8048 | D:8      | Found a broken altar of Ashenzari.
  8317 | D:8      | Found the +18 shield of the Gong {rElec rN+ Will+ EV-5}
  8694 | D:8      | Killed a tengu warrior
  8718 | D:8      | HP: 3/60 [deep elf archer/+0 short sword of draining (11)]
  8731 | D:8      | Killed a deep elf archer
  8732 | D:8      | Reached skill level 6 in Fighting
  9061 | D:9      | Found a flagged portal.
  9072 | Bailey   | Entered a bailey
  9078 | Bailey   | Noticed an orc knight
  9288 | Bailey   | Killed an orc knight
  9338 | Bailey   | Identified the +5 rapier of Uxtumeon {vorpal, rPois Will+
                  | rCorr Str-2}
  9540 | D:9      | Reached skill level 10 in Axes
  9540 | D:9      | Reached XP level 11. HP: 64/64 MP: 11/11
  9545 | D:9      | Noticed a two-headed ogre
  9552 | D:9      | Killed a two-headed ogre
  9643 | D:9      | Noticed rigao's ghost (journeyman GnWn)
  9645 | D:9      | Found a runed translucent door.
  9695 | D:9      | Found a radiant altar of Vehumet.
  9781 | D:9      | Noticed Harold
  9788 | D:9      | Killed Harold
  9953 | D:9      | Found a staircase to the Orcish Mines.
 10055 | D:9      | Reached *** piety under the Shining One
 10548 | D:9      | Killed rigao's ghost
 10549 | D:9      | Reached skill level 7 in Fighting
 10578 | D:10     | Entered Level 10 of the Dungeon
 10632 | D:10     | Noticed a two-headed ogre
 10643 | D:10     | Killed a two-headed ogre
 10861 | D:10     | Reached XP level 12. HP: 72/72 MP: 12/12
 10959 | D:10     | Noticed Urug
 10970 | D:10     | Killed Urug
 10977 | D:10     | Reached skill level 10 in Shields
 11045 | D:10     | Identified the Papyrus of Transmutation
 12084 | D:11     | Reached **** piety under the Shining One
 12092 | D:11     | Reached skill level 1 in Spellcasting
 12094 | D:11     | Reached skill level 8 in Fighting
 12116 | D:11     | Identified the +1 chain mail "Voaxup" {rPois rC- Will+
                  | Int+2}
 12174 | D:11     | Identified the +6 lajatang "Houjywn" {flame, rPois Str+2}
 12495 | D:11     | Found a staircase to the Lair.
 12712 | D:12     | Noticed a two-headed ogre
 12718 | D:12     | Killed a two-headed ogre
 12764 | D:12     | Noticed a boulder beetle
 12769 | D:12     | Noticed Gastronok
 12779 | D:12     | Killed a boulder beetle
 12800 | D:12     | Noticed a tengu warrior
 12800 | D:12     | Noticed a tengu warrior
 13051 | D:12     | Identified the +6 whip "Pilek" {vorpal, SInv}
 13207 | D:12     | Killed Gastronok
 13208 | D:12     | Reached XP level 13. HP: 26/79 MP: 15/17
 13458 | D:12     | Found a portal to a secret trove of treasure.
 13983 | Orc:1    | Entered Level 1 of the Orcish Mines
 14093 | Orc:1    | You fall into a shaft and drop 1 floor!
 14093 | Orc:2    | Entered Level 2 of the Orcish Mines
 14106 | Orc:1    | Reached ***** piety under the Shining One
 15380 | Orc:2    | Found a staircase to the Elven Halls.
 15439 | Orc:2    | Found Biblonnumym's Assorted Antiques.
 15548 | Orc:2    | Bought a silvery potion for 30 gold pieces
 15600 | Orc:2    | Reached skill level 9 in Fighting
 15631 | Orc:2    | Reached skill level 5 in Spellcasting
 15637 | Orc:2    | Gained mutation: Your large and strong wings let you fly.
                  | [Gargoyle growth]
 15637 | Orc:2    | Reached XP level 14. HP: 56/86 MP: 21/21
 15656 | Orc:2    | Found Viuc's Magic Scroll Emporium.
 15656 | Orc:2    | Found Rutepp's Assorted Antiques.
 15665 | Orc:2    | Found Nouhiux's Assorted Antiques.
 15671 | Orc:2    | Found Bahyhane's General Store.
 15844 | Orc:2    | Bought a scroll of enchant armour for 112 gold pieces
 15844 | Orc:2    | Bought a scroll of enchant armour for 112 gold pieces
 16268 | Lair:1   | Entered Level 1 of the Lair of Beasts
 16522 | Lair:1   | Identified the ring "Reveudgh" {Fire Str+4}
 16540 | Lair:1   | Reached skill level 15 in Axes
 17399 | Lair:2   | Reached ****** piety under the Shining One
 18143 | Lair:3   | Noticed Sonja
 18171 | Lair:3   | Killed Sonja
 18338 | Lair:3   | Acquired a manual of Fighting
 18355 | Lair:3   | Found a staircase to the Shoals.
 18829 | Lair:4   | Acquired a manual of Armour
 18998 | Lair:4   | Reached skill level 10 in Armour
 19069 | Lair:4   | Reached skill level 1 in Crossbows
 19263 | Lair:4   | Found a staircase to the Snake Pit.
 19586 | Lair:5   | Reached skill level 10 in Fighting
 19772 | Lair:5   | Found a hide-covered altar of Uskayaw.
 19776 | Lair:5   | Found an ornate altar of the Wu Jian Council.
 20034 | Lair:5   | Reached XP level 15. HP: 92/92 MP: 24/24
 20252 | Lair:6   | Entered Level 6 of the Lair of Beasts
 20417 | Lair:6   | Found a large runed translucent door.
 20418 | Lair:6   | Found a large runed translucent door.
 21045 | Lair:6   | Found a staircase to the Slime Pits.
 21423 | Lair:6   | Identified the amulet of Rounwyaz {RegenMP rF++ Int-3}
 21575 | Snake:1  | Entered Level 1 of the Snake Pit
 21575 | Snake:1  | Found Esuwk's Antique Armour Boutique.
 21847 | D:13     | Noticed Josephine
 21859 | D:13     | Killed Josephine
 21990 | D:13     | Found a huge runed gate.
 21990 | D:13     | Found a huge runed gate.
 21991 | D:13     | Found a huge runed gate.
 21991 | D:13     | Found a huge runed gate.
 21992 | D:13     | Found a huge runed gate.
 21997 | D:13     | Found a huge runed gate.
 22003 | D:13     | Found a huge runed gate.
 22071 | D:13     | Identified the +2 helmet of Daisies {Rampage Will+ Dex+2}
 22093 | D:13     | Found a huge runed gate.
 22096 | D:13     | Found a huge runed gate.
 22097 | D:13     | Found a huge runed gate.
 22097 | D:13     | Found a huge runed gate.
 22098 | D:13     | Found a huge runed gate.
 22098 | D:13     | Found a huge runed gate.
 22098 | D:13     | Found a huge runed gate.
 22100 | D:13     | Found a huge runed gate.
 22101 | D:13     | Found a huge runed gate.
 22251 | D:13     | Acquired the +10 storm dragon scales "Maxy" {rElec rPois
                  | Int-5 Dex+7 SInv}
 22342 | D:13     | Found a huge runed gate.
 22342 | D:13     | Found a huge runed gate.
 22343 | D:13     | Found a huge runed gate.
 22345 | D:13     | Found a huge runed gate.
 22350 | D:13     | Found a huge runed gate.
 22350 | D:13     | Found a huge runed gate.
 22351 | D:13     | Found a huge runed gate.
 22352 | D:13     | Found a huge runed gate.
 22356 | D:13     | Found a huge runed gate.
 22356 | D:13     | Found a huge runed gate.
 22356 | D:13     | Found a huge runed gate.
 22356 | D:13     | Found a huge runed gate.
 22357 | D:13     | Found a huge runed gate.
 22358 | D:13     | Found a huge runed gate.
 22359 | D:13     | Found a huge runed gate.
 22399 | D:13     | Noticed a hellephant
 22423 | D:13     | Reached skill level 11 in Fighting
 22455 | D:13     | Killed a hellephant
 22465 | D:13     | Identified the Compendium of the Shifting Traveller
 22735 | D:14     | Reached skill level 12 in Fighting
 22756 | D:14     | Reached XP level 16. HP: 101/101 MP: 27/27
 22774 | D:14     | Found a gate to the Vaults.
 22993 | D:14     | Noticed Rupert
 23005 | D:14     | Killed Rupert
 23087 | D:14     | Found a one-way gate to the infinite horrors of the Abyss.
 23092 | D:14     | Found a corrupted altar of Lugonu.
 23125 | D:14     | Found a shimmering blue altar of Sif Muna.
 23278 | D:15     | Entered Level 15 of the Dungeon
 23563 | D:15     | Reached skill level 5 in Crossbows
 23586 | D:15     | Found a white marble altar of Elyvilon.
 23690 | D:15     | Found a staircase to the Depths.
 24473 | Lair:4   | Reached skill level 13 in Fighting
 24555 | Snake:1  | Found Roson's Magic Scroll Shop.
 24570 | Snake:1  | Bought a glowing scarf for 328 gold pieces
 24570 | Snake:1  | Bought a pair of heavily runed gloves for 389 gold pieces
 24570 | Snake:1  | Identified the +1 pair of gloves of Conscience {Fly} (You
                  | bought it in a shop on level 1 of the Snake Pit)
 24592 | Snake:1  | Found Deab Dig's Jewellery Shop.
 24684 | Snake:1  | Found Dyrriv's Antique Armour Emporium.
 24689 | Snake:1  | Bought a scroll of enchant weapon for 120 gold pieces
 24689 | Snake:1  | Bought a scroll of enchant armour for 120 gold pieces
 24695 | Snake:1  | Identified the Volume of Heat and the Mountains
 24914 | Snake:2  | Noticed Asterion
 24942 | Snake:1  | Killed Asterion
 25348 | Snake:2  | Noticed Aizul
 25362 | Snake:2  | Reached skill level 15 in Shields
 25367 | Snake:2  | Killed Aizul
 25851 | Snake:2  | Reached skill level 14 in Fighting
 26016 | Snake:2  | Reached XP level 17. HP: 111/111 MP: 29/29
 26250 | Snake:3  | Noticed Tribosh's ghost (adept MiBe)
 26266 | Snake:3  | Found a transporter.
 26311 | Snake:3  | Reached skill level 5 in Dodging
 26366 | Snake:3  | Found a transporter.
 26474 | Snake:3  | Reached skill level 15 in Fighting
 26646 | Snake:3  | Upgraded the game from 0.27-a0-1149-g4505690ab0 to
                  | 0.27-a0-1154-gfdeffcb720
 26841 | Snake:3  | Killed Tribosh's ghost
 26853 | Snake:3  | Identified the +1 demon blade of Lureatu {venom, rN+ Int+4
                  | Stlth-}
 26855 | Snake:3  | Identified the ring of Xatycs {rPois Will+ Dex+3 SInv}
 26882 | Snake:4  | Entered Level 4 of the Snake Pit
 26882 | Snake:4  | Found Veant's Jewellery Boutique.
 26898 | Snake:4  | Reached skill level 16 in Fighting
 26912 | Snake:4  | Reached skill level 15 in Armour
 26992 | Snake:4  | Identified the Papyrus of the Countless Realms
 27010 | Snake:4  | Found a flickering gateway to a bazaar.
 27015 | Bazaar   | Entered a bazaar
 27057 | Bazaar   | Found Zuffoij's Jewellery Boutique.
 27061 | Bazaar   | Found Epnic's Magic Scroll Boutique.
 27061 | Bazaar   | Found Ylaesec's General Store.
 27062 | Bazaar   | Found Zoehyir's Armour Boutique.
 27072 | Bazaar   | Bought a scroll of acquirement for 988 gold pieces
 27072 | Bazaar   | Acquired a manual of Shields
 27099 | Snake:4  | Found Wotiywk's Antique Armour Emporium.
 27101 | Snake:4  | Found Binuir's Jewellery Shoppe.
 27103 | Snake:4  | Found Zotulask's Magic Scroll Emporium.
 27107 | Snake:4  | Bought a pair of faintly humming boots for 380 gold pieces
 27107 | Snake:4  | Identified the +0 pair of boots of Rotten New Discoveries
                  | {rN+ Will+} (You bought it in a shop on level 4 of the
                  | Snake Pit)
 27150 | Snake:4  | Found Ebrumpoit's Armour Shoppe.
 27244 | Snake:4  | Reached skill level 17 in Fighting
 27259 | Snake:4  | HP: 3/117 [naga/+0 long sword (12)]
 27259 | Snake:4  | Mangled by a salamander

Illustrated notes

Levels and vault maps discovered:
D:1:      sevenhm_arrival_forest_fort_large_4, layout_rooms
D:2:      layout_loops_ring, minmay_misc_feat_plants
D:3:      layout_basic, gammafunk_ghost_nasty_kobolds, serial_shops, shop,
          shapermc_ecumenical_altar_mp_ritualfount, minivault_24, uniq_natasha
D:4:      layout_gridville, kennysheep_mini,
          nicolae_wu_jian_immortal_techniques, serial_rivers,
          chequers_serial_rivers_large_b, chequers_serial_rivers_micro_b,
          chequers_serial_rivers_small_3, chequers_serial_rivers_micro_b,
          chequers_serial_rivers_room_a, serial_shops, kennysheep_mini_moat,
          nicolae_shop_crystal, uniq_robin
D:5:      minmay_general_purpose_star, layout_basic, okawaru_metal_pillars_1_2,
          general_overflow_altar, minmay_temple_entry_ruins, minmay_crystal_room
D:6:      minmay_opposing_rooms, layout_basic, nemelex_diamond_rough_becter,
          xom_butterflies, lemuel_coloured_pillars_altar
D:7:      layout_loops_ring, lemuel_round_altar, tgw_trog, serial_shops, shop,
          minmay_ruffians
D:8:      layout_layer_cave, lemuel_tele_altar, gammafunk_temple_overflow_arena,
          nicolae_wwwww
D:9:      layout_roguey [special_room_orc], vehumet_crystals, hiddenorc1_lemuel,
          enter_bailey_7, special_room [special_room_bee],
          hellmonk_ghost_happy_afterlife, uniq_harold
D:10:     minmay_the_grid_triangle_9x9_rhombus_thin_mashed
          [minmay_the_grid_triangle_9x9_minimal,
          minmay_the_grid_triangle_9x9_prize_center,
          minmay_the_grid_triangle_9x9_negative_grid,
          minmay_the_grid_triangle_9x9_zippers_horizontal], layout_basic,
          minmay_misc_feat_pillars, uniq_urug
D:11:     layout_irregular_city, erik_lair_orcish_takeover, eino_curves_03,
          chequers_serial_rivers_micro_e
D:12:     layout_basic, enter_trove_6, minmay_quadrilaterals, uniq_gastronok
D:13:     layout_long_grid, statue_in_the_mist_lemuel, not_door_vault_due,
          uniq_josephine
D:14:     layout_basic, grunt_vaults_entry_tiered, lemuel_blue_sif_altar,
          amcnicky_altar_lugonu_corruption, uniq_rupert
D:15:     hangedman_depths_entry_civil_slaughter, layout_irregular_city,
          elyvilon_altar_3
Lair:1:   layout_gridlike
Lair:2:   layout_hall_layers, roderic_carrion_pond, grunt_megastairs_2,
          infiniplex_staircase_pool_2, serial_bayou_shore_b
Lair:3:   layout_misc_corridors, shoals_dummy_entry, lemuel_fruit_fields,
          uniq_sonja
Lair:4:   layout_gridlike, dummy_snake_entry
Lair:5:   layout_roguey, nzn_masters_of_martial_movement
Lair:6:   cheibrodos_lair_end_hotspot, layout_gridlike,
          minmay_slime_entry_pillars, serial_bayou_shore_a
Snake:1:  layout_rooms, serial_shops,
          nicolae_shop_temple_entry_statues_fountains, shop_statue, shop, shop,
          drop_trap, grunt_ministairs_1
Snake:2:  layout_layer_cave, lemuel_fruit_tree, uniq_asterion, uniq_aizul
Snake:3:  layout_rooms, gammafunk_ghost_arena
Snake:4:  snake_pit, layout_basic, serial_shops, bzr_entry_road, shop,
          nicolae_shop_stone, minmay_shop_star
Orc:1:    layout_caves
Orc:2:    st_orc_elflike, layout_caves, serial_shops,
          nicolae_shop_window_shopping

Skill      XL: |  1  2  3  4  5  6  7  8  9 10 11 12 13 14 15 16 17 |
---------------+----------------------------------------------------+-----
Long Blades    | 2 3 4 5 |  5.2
Shields        | 4 5 6 8 9 10 11 12 13 15 | 15.0
Armour         | 4 5 6 7 8 10 12 13 15 | 15.3
Fighting       | 4 5 6 7 8 9 10 12 14 17 | 17.1
Dodging        | 1 2 3 4 5 |  5.1
Axes           | 4 7 10 11 13 14 15 16 | 16.0
Stealth        | 1 2 |  2.1
Spellcasting   | 2 5 6 7 8 9 |  9.3
Crossbows      | 1 4 6 7 |  7.3
Invocations    | |  0.4
Evocations     | |  0.3

Action                   |  1- 3 |  4- 6 |  7- 9 | 10-12 | 13-15 | 16-18 || total
-------------------------+-------+-------+-------+-------+-------+-------++-------
Melee: Long sword        |   137 |   155 |    78 |       |       |       ||   370
       War axe           |       |       |   121 |   510 |   941 |   691 ||  2263
Invok: Divine Shield     |       |       |       |     2 |       |     1 ||     3
Evoke: Wand              |       |     1 |       |       |       |       ||     1
  Use: Scroll            |     1 |     9 |     8 |     7 |    12 |     3 ||    40
       Potion            |       |     6 |     2 |     4 |     4 |     3 ||    19
Armor: Scale mail        |    82 |    96 |    56 |       |       |       ||   234
       Skin              |       |    44 |    16 |       |     4 |       ||    64
       Ring mail         |       |       |    65 |    68 |       |       ||   133
       Chain mail        |       |       |       |    69 |    80 |       ||   149
       Plate armour      |       |       |       |       |   138 |       ||   138
       Storm dragon scal |       |       |       |       |    63 |   415 ||   478
Dodge: Dodged            |    51 |    50 |    69 |    42 |    47 |    85 ||   344
       Repelled          |       |       |       |       |     1 |    10 ||    11
Block: Kite shield       |    82 |   103 |   137 |   614 |  1041 |  1081 ||  3058
       Rpst.: Long sword |    15 |    13 |     2 |       |       |       ||    30

Table legend: (Time is in decaauts)
 A = Elapsed time spent in this place.
 B = Non-inter-level travel time spent in this place.
 C = Inter-level travel time spent in this place.
 D = Time resting spent in this place.
 E = Time spent auto-exploring this place.
 F = Levels seen in this place.
 G = Mean time per level.
                   A        B        C        D        E       F      G
               +--------+--------+--------+--------+--------+-----+--------+
         Total |  27218 |  25832 |   1386 |   2070 |  18602 |  29 |  938.6 |
       Dungeon |  16431 |  15703 |    728 |    852 |  11852 |  15 | 1095.4 |
          Lair |   5545 |   5029 |    516 |    148 |   4033 |   6 |  924.2 |
     Snake Pit |   2559 |   2473 |     86 |    238 |   1510 |   4 |  639.8 |
  Orcish Mines |   2137 |   2081 |     56 |    832 |    891 |   2 | 1068.5 |
        Bazaar |     74 |     74 |      0 |      0 |     68 |   1 |   74.0 |
        Bailey |    469 |    469 |      0 |      0 |    247 |   1 |  469.0 |
               +--------+--------+--------+--------+--------+-----+--------+

Top non-repeatable levels by time:
     D:8: 1788 daAuts
   Orc:1: 1442 daAuts
    D:10: 1423 daAuts
     D:3: 1310 daAuts
     D:4: 1258 daAuts
  Lair:6: 1255 daAuts
     D:9: 1196 daAuts
     D:6: 1195 daAuts
    D:12: 1056 daAuts
    D:11: 1054 daAuts
  Lair:1: 1024 daAuts
 Snake:2: 1013 daAuts
     D:5: 999 daAuts
  Lair:4: 971 daAuts
     D:1: 961 daAuts
